AoeStats
← fidelon33

QS Arena

503117656Analyzed
1v1 RM · 2mo ago on Aug 30, 2026· 35m 44s· 2 players
Game mode
Random Map
Map size
Tiny (2 player)
Population
200
Speed
Normal
Resources
Standard
Victory
Conquest
Starting age
Dark Age
Ending age
Imperial Age
RankedLock teamsTeams togetherTeam positionsShared explorationLock speedFull tech treeHidden civsTurbo modeCheats
Victory
Defeat
🇦🇷 Turks · Argentina
1062
+17
vs
🇩🇪 Bohemians · Germany
1083
-17
fidelon33
9:08 Feudal Age
13:19 Castle Age
11:14 Double-Bit Axe
11:14 Horse Collar
16:02 Bow Saw
16:09 Heavy Plow
21:00 Town Watch
21:54 Wheelbarrow
21:09 Loom
23:35 Hand Cart
27:31 Imperial Age
25:42 Stone Mining
25:43 Gold Mining
27:31 Gold Shaft Mining
28:17 Fletching
28:28 Padded Archer Armor
29:13 Conscription
31:19 Artillery
33:01 Leather Archer Armor
32:41 Bodkin Arrow
32:11 Elite Janissary
36:08 Husbandry
36:19 Bloodlines
Filosov13
8:07 Feudal Age
8:47 Double-Bit Axe
11:26 Horse Collar
14:53 Castle Age
16:32 Fervor
17:58 Heavy Plow
21:55 Bow Saw
24:09 Loom
27:26 Imperial Age
26:40 Chemistry
25:53 Elite Skirmisher
28:27 Ballistics
28:01 Fletching
28:48 Town Watch
29:41 Wheelbarrow
30:10 Two-Man Saw
29:45 Town Patrol
30:06 Bodkin Arrow
29:40 Houfnice
30:50 Hand Cart
31:32 Bracer
35:13 Padded Archer Armor
Connection lost

Rejoining the realm…

Still unreachable

The connection could not be restored.

Session expired

The server has moved on; the page needs a fresh start.